 Dungeon Crawl Stone Soup version 0.21.0-3-g78d12a8bdd (webtiles) character file.

21 Esekla the Ducker (level 2, 0/14 HPs)
             Began as a Spriggan Ice Elementalist on Jan 9, 2018.
             Slain by a gnoll
             ... wielding a +0 flail
              (10 damage)
             ... on level 4 of the Dungeon.
             The game lasted 00:11:57 (1328 turns).

Esekla the Ducker (Spriggan Ice Elementalist)       Turns: 1328, Time: 00:11:57

Health: 0/14       AC:  3    Str:  4    XL:     2   Next: 62%
Magic:  5/6        EV: 19    Int: 16    God:
Gold:   192        SH:  0    Dex: 16    Spells: 5/6 levels left

rFire    . . .     SeeInvis +   d - +0 short sword
rCold    . . .     Gourm    .   (shield restricted)
rNeg     . . .     Faith    .   a - +0 robe
rPois    .         Spirit   .   (helmet restricted)
rElec    .         Reflect  .   i - +0 cloak
rCorr    .         Harm     .   (gloves unavailable)
MR       .....                  (boots unavailable)
Stlth    ++........             (no amulet)
HPRegen  0.04/turn              (no ring)
MPRegen  0.10/turn              (no ring)

@: very quick
A: very small, unfitting armour, see invisible, herbivore, speed 3, slow
metabolism 2
a: no special abilities


You were on level 4 of the Dungeon.
You were not hungry.

You visited 1 branch of the dungeon, and saw 4 of its levels.

You collected 192 gold pieces.

Inventory:

Hand Weapons
 d - a +0 short sword (weapon)
Missiles
 e - 38 stones (quivered)
Armour
 a - a +0 robe (worn)
 i - a +0 cloak (worn)
Wands
 h - a wand of paralysis (7)
Scrolls
 f - a scroll of remove curse {unknown}
 g - a scroll of blinking {unknown}
 j - a scroll of fear {unknown}
 k - a scroll of teleportation {unknown}
 l - a scroll of magic mapping {unknown}
 m - a scroll of enchant armour {unknown}
Books
 b - a book of Frost

   Spells                             Type                      Level
   a - Freeze                         Ice                          1
   b - Throw Frost                    Conjuration/Ice              2
   c - Ozocubu's Armour               Charms/Ice                   3
   d - Throw Icicle                   Conjuration/Ice              4
   e - Summon Ice Beast               Ice/Summoning                4
Comestibles
 c - 5 rations


   Skills:
 * Level 1.0 Fighting
 * Level 1.2 Short Blades
 + Level 3.5 Dodging
 - Level 3.3 Stealth
 - Level 2.6 Spellcasting
   Level 0.6 Conjurations
 - Level 2.4 Ice Magic


You had 5 spell levels left.
You knew the following spells:

 Your Spells              Type           Power        Failure   Level  Hunger
a - Freeze                Ice            #...         7%          1    #......


Dungeon Overview and Level Annotations

Branches:
Dungeon (4/15)
 Temple: D:4-7

Altars:


Innate Abilities, Weirdness & Mutations

You are very small and have problems with some larger weapons.
You are too small for most types of armour.
You have supernaturally acute eyesight. (SInv)
You are a herbivore.
You cover ground extremely quickly.
You need consume almost no food.


Message History

The gnoll misses you. The gnoll closely misses you.
There is an escape hatch in the ceiling here.
There is an open door here.
You hit the worm.
The worm is lightly wounded.
The worm bites you.
You hit the worm.
The worm is heavily wounded.
The gnoll barely misses you. The worm misses you.
Casting: Freeze
Confirm with . or Enter, or press ? or * to list all spells.
Aiming: Freeze
Press: ? - help, Shift-Dir - straight line, f - worm
Aim: a worm (moderately wounded)
You freeze the worm.
The worm is severely wounded.
The gnoll hits you with a flail!
Ouch! That really hurt!
You die...

######### #.
#.......# #.
##.......#
#.
#........#
#.
#....g.%.#
#.
#........#
#.g....#####


You could see 2 worms, a howler monkey, a gnoll and an orc.

Vanquished Creatures
  A leopard gecko (D:3)
  An orc (D:4)
  4 giant cockroaches
  A goblin (D:1)
  3 hobgoblins (D:1)
  A ball python (D:1)
  2 kobolds
  5 rats
18 creatures vanquished.

Notes
Turn   | Place    | Note
-------+----------+-------------------------------------------
     0 | D:1      | Esekla the Spriggan Ice Elementalist began the quest for the Orb.
     0 | D:1      | Reached XP level 1. HP: 9/9 MP: 5/5
   242 | D:1      | Reached XP level 2. HP: 9/14 MP: 3/6
   814 | D:3      | Reached skill level 1 in Short Blades
  1040 | D:4      | Reached skill level 1 in Fighting
  1110 | D:4      | Noticed a howler monkey
  1328 | D:4      | Slain by a gnoll

Skill      XL: |  1  2 |
---------------+-------+-----
Short Blades   | 1 |  1.2
Fighting       | 1 |  1.0
Dodging        | |  3.5
Stealth        | |  3.3
Spellcasting   | |  2.6
Conjurations   | |  0.6
Ice Magic      | |  2.4

Action                   || total
-------------------------++-------
Melee: Short sword       ||    48
Throw: Stone             ||     2
 Cast: Freeze            ||    11
 Stab: Sleeping          ||     3
Armor: Robe              ||     8
Dodge: Dodged            ||    55
